Map: Void Thrashing

Players

larsgj

  • Race: Zerg Zerg

Dillingering

  • Race: Zerg Zerg
  • Spawn Location: 9:00

VOD

Have the link to the VOD?

Description

Time

  • Played on: Dec. 26, 2022, 8:37 a.m.
  • Length: 18:51
Show
View Real Time Build Order
Export as new Build Order

larsgj Zerg 

Build Orders:  

Get SALT Encoding   

  12  0:03  Infested SCV  
  13  0:14  Infested SCV  
  14  0:30  Infested SCV  
  14  0:32  Overlord  
  15  1:00  Infested Barracks  
  15  1:05  Infested SCV  
  15  1:06  Infested SCV  
  15  1:07  Infested SCV  
  18  1:25  Infested Engineering Bay  
  18  1:27  Infested SCV  
  19  1:38  Overlord  
  19  2:02  Infested Marine  
  19  2:04  Infested SCV  
  21  2:20  Infested SCV  
  22  2:32  Infested Refinery  
  22  2:38  Infested Refinery  
  21  2:48  Infested Marine  
  21  2:49  Infested Marine  
  23  2:50  Infested Marine  
  23  2:54  Overlord x2  
  24  3:04  Infestation Level 1  
  24  3:18  Infested SCV  
  24  3:19  Infested SCV  
  26  3:23  Infested Marine x3  
  26  3:24  Infested Marine x3  
  26  3:25  Infested Marine x3  
  26  3:26  Infested Marine  
  36  3:30  Infested SCV  
  37  3:43  Infested Barracks  
  37  3:45  Stukov Infantry Weapons Level 1  
  37  4:05  Infested Missile Turret  
  34  5:07  Infested Marine x2  
  34  5:08  Infested Marine x14  
  40  5:20  Infested SCV  
  40  5:21  Infested SCV x4  
  40  5:23  Infested Factory  
  45  5:56  Overlord x2  
  45  6:00  Infested Barracks Tech Lab  
  45  6:24  Unknown, Stukov Infantry Armor Level 1  
  45  6:25  Infested Command Center  
  33  7:17  Retinal Augmentation  
  33  7:20  Infested Bunker  
  33  7:29  Infested Armory  
  33  7:41  Infestation Level 2  
  33  7:52  Infested Marine  
  33  7:53  Infested Marine  
  33  7:54  Infested Marine  
  33  7:55  Infested Marine  
  33  7:56  Infested Marine  
  38  8:07  Infested SCV x2  
  38  8:08  Infested SCV  
  41  8:15  Infested Missile Turret  
  41  8:41  Infested Missile Turret  
  41  8:57  Infested Missile Turret  
  41  8:59  Infested SCV x2  
  47  9:04  Stukov Infantry Weapons Level 2  
  47  9:11  Infested Refinery  
  47  9:15  Infested Refinery  
  47  9:24  Infested Bunker  
  47  9:36  Aggressive Incubation  
  42  9:46  Infested Marine  
  42  9:47  Infested Marine  
  42  9:48  Infested Marine  
  42  9:49  Infested Marine  
  46  9:52  Infested SCV  
  46  9:53  Infested SCV x2  
  46  9:54  Infested SCV  
  50  10:05  Infested Marine  
  50  10:06  Infested Marine x3  
  50  10:07  Infested Marine x4  
  50  10:08  Infested Marine  
  50  10:09  Infested Marine  
  60  10:32  Infested Marine  
  60  10:33  Infested Marine x12  
  60  10:37  Infested SCV  
  60  10:38  Infested SCV x2  
  72  11:43  Infested SCV x2  
  72  11:44  Infested SCV x2  
  72  11:46  Infested Marine  
  67  11:52  Overlord x5  
  67  12:05  Infested Marine  
  67  12:06  Infested Marine x10  
  78  12:14  Stukov Infantry Armor Level 2  
  65  12:24  Infested Marine x2  
  65  12:25  Infested Marine x11  
  78  12:31  Overlord x3  
  78  12:39  Overlord  
  77  12:43  Overlord x2  
  77  12:44  Overlord  
  77  12:50  Infested Marine x8  
  77  12:51  Infested Marine x3  
  75  13:37  Infested Marine x6  
  75  13:38  Infested Marine x12  
  79  13:57  Infested Bunker  
  83  14:22  Infested Marine x4  
  83  14:23  Infested Marine x14  
  96  14:52  Infested Bunker  
  95  15:06  Infested Marine x5  
  95  15:07  Infested Marine x13  
  113  15:12  Overlord x3  
  113  15:13  Overlord x2  
  95  15:31  Infested Marine x6  
  95  15:32  Infested Marine x4  
  105  15:40  Infested Missile Turret  
  105  15:46  Infested Barracks  
  105  15:57  Infested Barracks  
  105  15:59  Infested Marine  
  106  16:00  Infested Marine x5  
  72  16:54  Infested Marine  
  72  16:55  Infested Marine x19  
  72  16:56  Infested Marine x3  
  95  17:10  Infested Marine  
  95  17:11  Infested Marine x11  
  100  17:40  Infested Marine  
  100  17:41  Infested Marine x20  
  100  17:42  Infested Marine x4  
  119  17:58  Infested Marine x9  
  119  17:59  Infested Marine x3  
Show
View Real Time Build Order
Export as new Build Order

Dillingering Zerg 

Build Orders:  

Get SALT Encoding   

  12  0:10  Extractor  
  12  0:13  Extractor  
  10  0:21  Overlord  
  10  0:28  Drone  
  11  0:35  Drone  
  12  0:51  Drone  
  12  0:53  Drone  
  14  1:13  Evolution Chamber  
  13  1:20  Drone  
  13  1:22  Drone  
  15  1:39  Overlord  
  15  1:54  Drone x2  
  17  2:07  Heroic Fortitude  
  17  2:29  Drone  
  18  2:30  Drone  
  18  2:33  Overlord  
  19  3:02  Spawning Pool  
  19  3:03  Drone  
  19  3:07  Drone  
  20  3:19  Zerg Ground Armor Level 1  
  20  3:27  Drone  
  21  3:40  Lair  
  21  3:45  Drone  
  22  4:09  Drone  
  23  4:10  Drone  
  24  4:25  Overlord  
  24  4:54  Drone x2  
  26  5:18  Hatchery  
  25  5:27  Extractor  
  25  5:29  Extractor  
  23  5:34  Hydralisk Den  
  22  5:43  Drone x2  
  22  5:44  Drone  
  25  5:59  Zerg Missile Weapons Level 1  
  25  6:33  Muscular Augments  
  25  6:52  Drone  
  25  6:53  Drone x2  
  30  7:17  Queen  
  32  7:33  Ancillary Carapace  
  32  7:37  Hive  
  38  8:01  Hydralisk x3  
  38  8:04  Drone  
  38  8:05  Hydralisk  
  38  8:07  Queen  
  38  8:09  Drone  
  42  8:39  Chain Reaction  
  48  8:53  Hydralisk x2  
  48  8:54  Hydralisk x2  
  48  8:57  Queen  
  50  10:04  Queen  
  50  10:09  Zerg Ground Armor Level 2  
  52  10:23  Unknown  
  52  10:30  Queen  
  52  10:39  Overlord  
  65  10:40  Overlord x5  
  52  10:41  Overlord x2  
  52  10:56  Queen  
  52  11:20  Queen  
  54  11:35  Evolution Chamber  
  57  11:40  Hydralisk x2  
  61  12:15  Hydralisk x2  
  61  12:16  Hydralisk x2  
  41  12:58  Drone x4  
  41  12:59  Drone  
  46  13:19  Ability Efficiency  
  56  13:20  Hydralisk x3  
  56  13:21  Hydralisk x2  
  56  13:32  Zerg Ground Armor Level 3  
  70  14:21  Hydralisk x3  
  70  14:22  Hydralisk x3  
  70  14:25  Hydralisk  
  70  14:47  Drone x2  
  78  14:54  Hydralisk x3  
  78  15:03  Drone x3  
  81  15:19  Zerg Missile Weapons Level 2  
  77  15:48  Queen x2  
  89  15:51  Hydralisk  
  89  15:52  Hydralisk x3  
  89  16:24  Ultralisk Cavern  
  88  16:38  Queen  
  90  17:37  Ultralisk x4  
  116  18:01  Overlord x2  
  116  18:02  Overlord x3  
  116  18:03  Hydralisk  
Tags
 
Matchup
Co-op
Replay Pack
Multiplayer
Add a new tag
Caveats
  • Supply blocks, unpowered buildings, or Contaminate may cause inaccurate times.
  • Supply counts are checked every 10 seconds.